Map: Acropolis LE

Players

Mez - Winner!

  • Race: Terran Terran
  • League: Master
  • Spawn Location: 11:00

DuBBiE

  • Race: Zerg Zerg
  • League: Master
  • Spawn Location: 5:00

VOD

Have the link to the VOD?

Description

Time

  • Played on: Sept. 6, 2019, 5:16 a.m.
  • Length: 18:01
Show
View Real Time Build Order
Export as new Build Order

Mez Terran - Winner!

Build Orders: Liberator Opening, Reaper Expand 

Get SALT Encoding   

  12  0:00  SCV  
  13  0:12  SCV  
  14  0:17  Supply Depot  
  14  0:25  SCV  
  15  0:38  SCV  
  15  0:40  Barracks  
  16  0:43  Refinery  
  16  0:50  SCV  
  17  1:03  SCV  
  18  1:15  SCV  
  19  1:29  Orbital Command, Reaper  
  20  1:41  Command Center  
  20  1:48  Supply Depot  
  20  1:55  SCV  
  20  2:01  Marine  
  22  2:16  Factory  
  22  2:22  Barracks Reactor  
  21  2:37  SCV  
  21  2:41  Refinery  
  22  2:49  Command Center  
  22  3:02  Marine x2  
  22  3:03  Hellion  
  26  3:10  Starport  
  26  3:16  SCV  
  27  3:28  SCV  
  27  3:30  Barracks Tech Lab  
  27  3:31  Hellion  
  30  3:38  Hellion  
  31  3:44  Liberator  
  31  3:45  Supply Depot  
  31  4:01  Marine, SCV, Hellion x2  
  40  4:03  Orbital Command  
  40  4:13  SCV  
  41  4:23  Hellion x2  
  45  4:25  SCV, Supply Depot  
  45  4:30  Orbital Command  
  46  4:37  SCV  
  47  4:49  SCV  
  48  4:55  Command Center  
  46  5:02  SCV x2  
  47  5:11  Supply Depot  
  47  5:13  Starport Reactor  
  47  5:14  SCV  
  48  5:15  Barracks  
  48  5:17  Barracks  
  48  5:18  Factory Tech Lab  
  46  5:29  SCV x2  
  46  5:35  Marine  
  49  5:36  Stimpack  
  49  5:38  Siege Tank  
  50  5:53  Marine  
  48  6:01  SCV x2  
  48  6:08  Starport Reactor  
  48  6:10  Marine, Orbital Command  
  49  6:11  Siege Tank  
  49  6:12  Marine  
  49  6:15  Marine x3  
  52  6:28  Marine  
  52  6:29  SCV x2  
  52  6:30  Marine  
  54  6:32  Marine  
  54  6:39  Engineering Bay  
  55  6:40  Engineering Bay  
  55  6:44  SCV x2  
  55  6:45  SCV  
  58  6:48  Siege Tank  
  58  6:50  Medivac  
  58  6:51  Medivac  
  65  6:56  SCV  
  66  7:02  Supply Depot  
  66  7:04  Marine x3  
  66  7:05  Marine  
  66  7:06  Supply Depot  
  66  7:07  Marine  
  69  7:09  Orbital Command  
  69  7:19  Terran Infantry Weapons Level 1  
  69  7:20  Terran Infantry Armor Level 1  
  69  7:23  Siege Tank  
  69  7:29  Marine  
  73  7:30  Marine x3, Supply Depot  
  73  7:33  Armory  
  76  7:37  Marine  
  76  7:38  SCV x2  
  76  7:39  SCV  
  80  7:46  Missile Turret  
  80  7:47  Marine, Missile Turret  
  80  7:48  Missile Turret  
  80  7:50  SCV  
  82  7:56  Combat Shield  
  78  7:59  Marine  
  78  8:00  Marine x3  
  74  8:23  Marine x5  
  76  8:29  Thor  
  79  8:41  Marine x5  
  68  8:46  Terran Vehicle Weapons Level 1  
  68  8:48  SCV x3  
  68  8:53  Barracks, Medivac  
  68  8:54  Barracks  
  70  9:00  SCV  
  71  9:03  Refinery  
  71  9:04  SCV  
  71  9:05  SCV, Refinery  
  71  9:06  Command Center  
  72  9:12  SCV  
  72  9:19  Marine x5  
  72  9:21  SCV x2  
  79  9:24  SCV  
  80  9:33  SCV x2  
  80  9:34  Siege Tank  
  80  9:36  SCV  
  80  9:37  Marine, Factory  
  87  9:39  Refinery  
  87  9:40  Refinery  
  87  9:45  SCV x2  
  89  9:48  SCV  
  89  9:52  Marine x2  
  91  9:53  Supply Depot, Barracks Reactor x2  
  91  9:54  Supply Depot x2  
  91  9:57  SCV  
  91  9:59  Marine x2  
  95  10:00  Terran Infantry Weapons Level 2  
  94  10:07  SCV x2  
  91  10:14  Siege Tank  
  92  10:35  SCV x3  
  87  10:44  Marine x9  
  87  10:45  Factory Tech Lab  
  87  10:47  Medivac x2  
  87  10:48  Terran Infantry Armor Level 2  
  100  10:51  Terran Vehicle Weapons Level 2  
  100  10:52  SCV x3  
  103  11:01  Siege Tank  
  103  11:02  Marine  
  107  11:04  SCV x2  
  107  11:08  Missile Turret  
  108  11:14  Supply Depot  
  104  11:21  Supply Depot  
  104  11:25  SCV x2  
  106  11:28  Planetary Fortress, Missile Turret  
  106  11:30  SCV  
  107  11:33  Marine  
  107  11:34  Siege Tank x2  
  107  11:37  SCV  
  107  11:39  SCV  
  116  11:40  Marine x8  
  116  11:42  SCV  
  125  11:49  SCV  
  125  11:51  Marine, SCV  
  128  11:54  SCV  
  128  11:58  Marine  
  128  11:59  Barracks  
  128  12:00  Barracks, Medivac x2  
  134  12:02  Marine x7, Barracks  
  141  12:09  Marine  
  141  12:12  Factory  
  142  12:18  Refinery  
  142  12:19  SCV x4  
  142  12:20  Refinery  
  142  12:22  Siege Tank x2  
  152  12:23  Marine x5  
  152  12:24  Marine x3  
  160  12:31  SCV  
  161  12:44  Marine x3, Orbital Command  
  149  13:18  Factory Reactor  
  149  13:20  Barracks Tech Lab x2  
  140  13:36  Supply Depot  
  140  13:37  Supply Depot  
  140  13:38  Supply Depot x3  
  140  13:39  Supply Depot  
  140  13:40  Supply Depot  
  140  13:41  Supply Depot  
  140  13:43  Liberator x2  
  140  13:45  Supply Depot x2  
  140  13:50  Missile Turret x2  
  140  13:53  Terran Infantry Armor Level 3, Terran Infantry Weapons Level 3  
  140  13:54  Terran Vehicle Weapons Level 3  
  140  13:55  Barracks Tech Lab  
  140  13:59  Marine x5, Siege Tank  
  140  14:00  Marine x3, Siege Tank, Ghost Academy  
  159  14:16  Marine x9  
  138  14:17  Marine  
  138  14:23  Drilling Claws, Widow Mine x2  
  145  14:31  Siege Tank  
  145  14:32  Siege Tank  
  145  14:35  Enhanced Shockwaves  
  145  14:36  Starport  
  145  14:38  Starport  
  148  14:59  Widow Mine x2  
  152  15:03  Siege Tank  
  152  15:04  Siege Tank  
  150  15:17  Liberator x3  
  150  15:18  Marine  
  150  15:19  Marine x11  
  162  15:23  Widow Mine x2  
  158  15:34  Liberator  
  158  15:35  Siege Tank  
  168  15:36  Siege Tank  
  168  15:37  Marauder  
  153  15:53  Marine x4  
  153  15:54  Marine  
  159  16:00  Liberator x2  
  159  16:02  Widow Mine x2  
  163  16:07  Siege Tank  
  163  16:08  Siege Tank  
  169  16:17  Marine x4  
  169  16:18  Marine x3, Marauder x4  
  175  16:28  Marine  
  175  16:29  Widow Mine x2  
  168  16:34  Medivac x2  
  168  16:35  Marine x2  
  168  16:41  Marine x7  
  168  16:42  Marine  
  175  16:49  Marine x2  
  175  16:52  Marine  
  174  17:00  Marine x5, Medivac x2  
  164  17:05  Marine x4  
  164  17:07  Marine  
  163  17:13  Marine x2  
  162  17:17  Marine, Medivac  
  162  17:18  Marine x2, Medivac  
  165  17:30  Viking x2  
Show
View Real Time Build Order
Export as new Build Order

DuBBiE Zerg 

Build Orders: Pool First, Muta Ling Bane 

Get SALT Encoding   

  12  0:20  Spawning Pool  
  11  0:21  Drone  
  11  0:26  Extractor  
  11  0:29  Drone  
  11  0:35  Drone  
  13  0:43  Overlord  
  13  1:06  Zergling x6  
  16  1:14  Queen  
  18  1:18  Zergling x2  
  19  1:28  Metabolic Boost  
  19  1:33  Zergling x2  
  20  1:47  Zergling x2  
  20  1:52  Overlord  
  21  2:05  Drone  
  22  2:16  Drone  
  22  2:26  Drone x2  
  24  2:33  Hatchery  
  24  2:36  Drone x2  
  24  2:43  Drone  
  24  2:50  Zergling x2  
  25  3:07  Drone x3  
  28  3:13  Roach Warren  
  28  3:17  Queen  
  29  3:26  Overlord  
  29  3:46  Drone x2  
  29  3:47  Drone x3  
  34  3:55  Drone x2  
  36  3:58  Drone  
  36  4:02  Drone  
  38  4:05  Lair  
  38  4:07  Drone  
  39  4:14  Queen  
  39  4:15  Drone  
  41  4:28  Overlord  
  41  4:34  Roach  
  43  4:40  Spine Crawler  
  42  4:49  Roach  
  42  4:50  Overlord, Roach x2  
  48  4:53  Overlord  
  48  5:06  Overlord  
  48  5:14  Drone x3  
  48  5:15  Drone x4  
  48  5:17  Drone x3, Extractor  
  48  5:18  Drone  
  55  5:30  Roach x2  
  55  5:31  Glial Reconstitution  
  55  5:35  Spore Crawler  
  55  5:37  Spore Crawler  
  55  5:38  Extractor  
  55  5:41  Drone x2  
  55  5:43  Extractor  
  55  5:49  Drone x3  
  57  5:51  Drone  
  57  5:53  Drone  
  58  5:58  Drone x2  
  57  6:05  Roach  
  53  6:12  Drone  
  53  6:16  Roach  
  53  6:17  Drone  
  56  6:25  Drone x2  
  56  6:26  Drone  
  56  6:27  Drone  
  56  6:28  Drone x2  
  56  6:30  Drone  
  61  6:39  Extractor  
  62  6:40  Roach  
  62  6:57  Evolution Chamber  
  61  7:06  Spire  
  61  7:07  Overlord x3  
  60  7:09  Hatchery  
  59  7:17  Overlord x2  
  59  7:23  Overlord x2  
  59  7:36  Roach x4  
  69  7:37  Roach x2  
  69  7:42  Zerg Melee Weapons Level 1  
  69  7:48  Evolution Chamber  
  69  7:50  Baneling Nest  
  67  7:58  Zergling x4  
  67  7:59  Zergling x8  
  67  8:04  Infestation Pit  
  72  8:10  Zergling x2  
  72  8:11  Zergling x6  
  72  8:14  Zergling x4  
  72  8:15  Zergling x2  
  72  8:17  Zergling x2  
  74  8:23  Zergling x2  
  74  8:29  Roach  
  74  8:34  Zergling x6  
  74  8:39  Zergling x4  
  60  8:43  Zergling x6  
  60  8:46  Drone x3  
  60  8:48  Drone  
  66  8:51  Drone  
  67  9:02  Mutalisk x6  
  75  9:10  Mutalisk  
  77  9:18  Centrifical Hooks, Pathogen Glands  
  77  9:20  Zergling x8  
  81  9:24  Drone  
  81  9:25  Drone x2  
  84  9:34  Mutalisk  
  84  9:35  Mutalisk x3  
  84  9:38  Extractor, Drone x3  
  94  9:39  Extractor  
  94  9:44  Overlord  
  94  9:45  Overlord x2, Evolution Chamber  
  89  9:46  Zergling x2  
  89  9:51  Drone x2  
  92  9:53  Baneling x6  
  92  9:54  Baneling  
  92  9:59  Drone x2  
  94  10:01  Drone  
  94  10:02  Drone x2  
  97  10:17  Zergling x6  
  97  10:18  Zergling x8  
  100  10:23  Zergling x2  
  100  10:24  Zergling x4  
  99  10:34  Zergling x8  
  99  10:35  Zergling x4  
  98  10:39  Drone x4  
  102  10:49  Zergling x4  
  104  10:50  Baneling x9  
  104  10:51  Baneling x2  
  104  10:53  Infestor  
  104  10:56  Hatchery  
  104  10:57  Zergling x4  
  107  11:06  Zergling x4  
  107  11:09  Zergling x4  
  107  11:10  Zergling x6  
  114  11:12  Zergling x4  
  114  11:13  Zergling x4  
  114  11:14  Zergling x2  
  114  11:17  Roach  
  118  11:21  Zerg Melee Weapons Level 2  
  118  11:27  Roach x3  
  118  11:28  Roach  
  124  11:33  Zergling x4  
  124  11:37  Baneling x2  
  124  11:38  Baneling x3  
  125  11:40  Baneling x4  
  125  11:41  Baneling x7  
  125  11:42  Zergling x2  
  126  11:56  Queen  
  126  11:59  Infestor, Hatchery  
  126  12:00  Infestor  
  131  12:03  Infestor  
  131  12:06  Infestor  
  131  12:08  Drone  
  136  12:13  Drone  
  136  12:14  Drone x4  
  141  12:21  Drone x2  
  143  12:29  Drone x4  
  148  12:30  Drone x3  
  148  12:33  Zerg Ground Armor Level 1  
  150  12:42  Zergling x6  
  150  12:44  Overlord x2  
  140  13:05  Zergling x2  
  126  13:06  Zergling x10  
  126  13:07  Zergling x8  
  126  13:08  Zergling x6  
  126  13:09  Zergling x4  
  126  13:10  Zergling x8  
  126  13:12  Baneling  
  143  13:13  Baneling x7  
  143  13:14  Zergling x4  
  143  13:15  Drone  
  146  13:21  Zergling x6  
  146  13:22  Zergling x4  
  146  13:24  Zergling x4  
  146  13:25  Zergling x2  
  151  13:36  Zergling x6  
  151  13:37  Zergling x2, Hive  
  151  13:38  Zergling x2  
  154  13:42  Drone  
  154  13:44  Drone  
  154  13:45  Baneling  
  154  13:46  Baneling x23  
  154  13:47  Drone x2  
  158  13:48  Drone  
  158  13:54  Extractor x2  
  158  13:55  Spine Crawler  
  156  13:56  Spine Crawler  
  156  14:00  Infestor x2  
  155  14:03  Zergling x6  
  155  14:06  Baneling x5  
  155  14:07  Baneling x4  
  146  14:11  Zergling x12  
  146  14:14  Zergling x4  
  146  14:17  Zergling x6  
  111  14:20  Zergling x6  
  111  14:21  Zergling x4  
  111  14:22  Zergling x2  
  118  14:25  Zergling x4  
  118  14:26  Zergling x2  
  120  14:34  Queen  
  120  14:37  Baneling  
  122  14:39  Baneling  
  122  14:40  Baneling  
  122  14:41  Baneling x13  
  122  14:42  Roach x4  
  130  14:54  Spore Crawler, Drone  
  130  14:55  Drone  
  131  15:05  Zergling x6  
  131  15:06  Corruptor x5  
  141  15:10  Zergling x4  
  138  15:16  Infestor x3  
  138  15:17  Zergling x6  
  147  15:24  Zergling x10  
  147  15:25  Drone x3  
  150  15:29  Baneling x2  
  150  15:30  Baneling x4  
  150  15:34  Infestor x2  
  155  15:35  Zergling x4  
  155  15:36  Zergling x2, Baneling  
  155  15:37  Baneling  
  155  15:39  Zergling x6  
  158  15:48  Zergling x8  
  158  15:49  Zergling x6  
  142  15:52  Greater Spire  
  142  15:58  Zergling x6  
  145  16:11  Zergling x4  
  145  16:12  Zergling x6  
  145  16:17  Zergling x6  
  145  16:18  Zergling x12  
  156  16:21  Baneling x4  
  148  16:27  Zergling x2  
  148  16:28  Zergling x10  
  148  16:29  Zergling x6  
  148  16:32  Zergling x4  
  148  16:33  Zergling x4  
  148  16:35  Zergling x6  
  148  16:36  Baneling  
  148  16:37  Baneling x10  
  148  16:40  Zergling x2  
  148  16:41  Zergling x2  
  148  16:42  Zergling x2  
  148  16:43  Zergling x2  
  148  16:45  Zergling x2  
  135  16:47  Zergling x2  
  135  16:50  Zergling x2  
  135  16:53  Zergling x4  
  121  16:54  Zergling x2  
  121  16:55  Zergling x6  
  105  17:03  Zergling x4  
  105  17:05  Zergling x4  
  105  17:06  Zergling x2  
  105  17:07  Extractor  
  103  17:09  Extractor  
  99  17:30  Spine Crawler  
  99  17:31  Hatchery  
  101  17:38  Zergling x2, Spine Crawler x2  
  101  17:39  Zergling x10  
  101  17:41  Overlord, Zergling x8  
  101  17:42  Zergling x2  
  101  17:43  Zergling x4  
  101  17:44  Zergling x2  
  117  17:45  Baneling x5  
  117  17:46  Baneling x4  
Tags
 
Add a new tag
Caveats
  • Supply blocks, unpowered buildings, or Contaminate may cause inaccurate times.
  • Supply counts are checked every 10 seconds.